 Dungeon Crawl Stone Soup version 0.20.1-1-g8b1a95d (webtiles) character file.

678 totient the Slasher (level 7, -11/60 HPs)
             Began as a Minotaur Fighter on July 23, 2017.
             Was an Initiate of Trog.
             Mangled by a two-headed ogre
             ... wielding a +0 giant club
              (29 damage)
             ... on level 5 of the Dungeon.
             The game lasted 00:28:24 (3963 turns).

totient the Slasher (Minotaur Fighter)              Turns: 3963, Time: 00:28:25

Health: -11/60     AC: 13    Str: 21    XL:     7   Next: 34%
Magic:  15/15      EV:  9    Int:  5    God:    Trog [......]
Gold:   152        SH: 10    Dex: 11    Spells: 6/6 levels left

rFire    + . .     SeeInvis .   a - +0 long sword
rCold    . . .     Gourm    .   c - +0 shield
rNeg     . . .     Faith    .   x - +5 scale mail of the Nine of Swords {rF+}
rPois    +         Spirit   .   (helmet restricted)
rElec    .         Reflect  .   h - +0 cloak {rPois}
rCorr    .         Harm     .   (no gloves)
MR       .....                  (no boots)
Stlth    ..........             (no amulet)
Regen    0.2/turn               n - ring of magical power
MPRegen  0.2/turn               (no ring)

@: no status effects
A: retaliatory headbutt, horns 2
a: Burn Spellbooks, Renounce Religion


You were on level 5 of the Dungeon.
You worshipped Trog.
Trog was noncommittal.
You were not hungry.

You visited 2 branches of the dungeon, and saw 6 of its levels.

You collected 152 gold pieces.

Inventory:

Hand Weapons
 a - a +0 long sword (weapon)
Missiles
 l - a javelin (quivered)
Armour
 b - a +0 scale mail
 c - a +0 shield (worn)
 h - a +0 cloak of poison resistance (worn)
 j - a +1 animal skin
 o - a cursed +0 ring mail
 x - the +5 scale mail of the Nine of Swords (worn) {rF+}
   (You found it on level 4 of the Dungeon)

   It protects you from fire.
Jewellery
 n - a ring of magical power (left hand)
Wands
 f - a wand of lightning (7/15)
Scrolls
 d - a scroll of immolation {unknown}
 e - 2 scrolls of identify {unknown}
 g - 2 scrolls of remove curse {unknown}
 m - 2 scrolls of magic mapping {unknown}
 p - a scroll of fear {unknown}
 q - 2 scrolls of teleportation {unknown}
 s - a scroll of amnesia {unknown}
 u - a scroll of random uselessness {unknown}
Potions
 i - a potion of berserk rage {unknown}
 k - a potion of haste {unknown}
 r - a potion of lignification {unknown}
 t - a potion of mutation {unknown}
 z - a potion of ambrosia {unknown}
Comestibles
 v - a bread ration
 w - 4 fruits


   Skills:
 + Level 4.8 Fighting
 * Level 6.4 Long Blades
 - Level 0.6 Throwing
 + Level 5.9 Armour
 - Level 2.4 Dodging
 - Level 0.5 Stealth
 - Level 4.9 Shields


You had 6 spell levels left.
You didn't know any spells.

Dungeon Overview and Level Annotations

Branches:
Dungeon (5/15)             Temple (1/1) D:5

Altars:
Ashenzari
Cheibriados
Dithmenos
Elyvilon
Fedhas
Gozag
Hepliaklqana
Kikubaaqudgha
Makhleb
Nemelex Xobeh
Qazlal
Ru
Sif Muna
Trog
Uskayaw
Vehumet
Xom
Yredelemnul
Zin
The Shining One


Innate Abilities, Weirdness & Mutations

You reflexively headbutt those who attack you in melee.
You have a pair of horns on your head.


Message History

The two-headed ogre hits you with a giant club!
The two-headed ogre hits you but does no damage.
You are too injured to fight recklessly!
Okay, then.
You are too injured to fight recklessly!
You hit the two-headed ogre. You headbutt the two-headed ogre!
The two-headed ogre is heavily wounded.
You block the two-headed ogre's attack.
The two-headed ogre hits you but does no damage.
Your shield and scale mail of the Nine of Swords prevent you from hitting the two-headed ogre.
Your headbutt misses the two-headed ogre.
The two-headed ogre is heavily wounded.
The two-headed ogre barely misses you.
The two-headed ogre hits you with a dire flail.
* * * LOW HITPOINT WARNING * * *
Your shield and scale mail of the Nine of Swords prevent you from hitting the two-headed ogre.
You headbutt the two-headed ogre.
The two-headed ogre is heavily wounded.
The two-headed ogre hits you with a giant club!!
You die...

#######..#
########........+
##...#..........<#
##..###'###.......#
#.(.#.....#.......#
#...#.###.#.......#
#...'.'>#.+.......#
##..#(###.#.......#
##@#.....#.......#
#O###+###........
#.sl.......
#....w......#
..............#
..............#
...............
..#............
#............%$


You could see a two-headed ogre, a worm, a leopard gecko and a giant cockroach.

Vanquished Creatures
  Sigmund (D:3)
  Duvessa (D:4)
  Dowan (D:4)
  A bullfrog zombie (D:5)
  A hound (D:4)
  Crazy Yiuf (D:2)
  Natasha (thrice) (D:2)
  A worker ant (D:4)
  A hound skeleton (D:5)
  Robin (D:2)
  5 adders
  4 worms
  4 dart slugs
  9 orcs (D:4)
  3 giant cockroaches
  17 goblins
  7 hobgoblins
  6 jackals
  A quokka (D:2)
  2 ball pythons
  5 bats
  3 frilled lizards
  3 kobolds
  7 rats
88 creatures vanquished.

Notes
Turn   | Place    | Note
-------+----------+-------------------------------------------
     0 | D:1      | totient the Minotaur Fighter began the quest for the Orb.
     0 | D:1      | Reached XP level 1. HP: 19/19 MP: 0/0
   156 | D:1      | Reached XP level 2. HP: 18/27 MP: 1/1
   805 | D:2      | Noticed Robin
   815 | D:2      | Reached XP level 3. HP: 30/33 MP: 2/2
   831 | D:2      | Killed Robin
   831 | D:2      | Reached skill level 3 in Long Blades
   981 | D:2      | Found a stormy altar of Qazlal.
  1190 | D:2      | Reached XP level 4. HP: 40/40 MP: 3/3
  1210 | D:2      | Noticed Natasha
  1224 | D:2      | Killed Natasha
  1224 | D:2      | Reached skill level 4 in Long Blades
  1307 | D:2      | Noticed Natasha
  1315 | D:2      | Killed Natasha
  1424 | D:2      | Found a runed door.
  1737 | D:2      | Reached skill level 1 in Dodging
  1740 | D:2      | Found a burning altar of Makhleb.
  1741 | D:2      | Found a radiant altar of Vehumet.
  1770 | D:2      | Noticed Natasha
  1774 | D:2      | Killed Natasha
  1774 | D:2      | Reached XP level 5. HP: 36/46 MP: 4/4
  1885 | D:2      | Noticed Crazy Yiuf
  1896 | D:2      | Killed Crazy Yiuf
  2114 | D:3      | Noticed Sigmund
  2122 | D:3      | Killed Sigmund
  2122 | D:3      | Reached skill level 5 in Long Blades
  2122 | D:3      | Reached skill level 5 in Armour
  2122 | D:3      | Reached XP level 6. HP: 38/53 MP: 5/5
  2515 | D:3      | Found a shadowy altar of Dithmenos.
  3144 | D:4      | Got a distressingly furry scale mail
  3155 | D:4      | Identified the +5 scale mail of the Nine of Swords {rF+} (You found it on level 4 of the Dungeon)
  3206 | D:4      | Noticed Duvessa
  3206 | D:4      | Noticed Dowan
  3223 | D:4      | Killed Duvessa
  3223 | D:4      | Reached skill level 6 in Long Blades
  3223 | D:4      | Reached XP level 7. HP: 57/60 MP: 6/6
  3241 | D:4      | Killed Dowan
  3726 | D:5      | Entered Level 5 of the Dungeon
  3739 | D:5      | Found a staircase to the Ecumenical Temple.
  3758 | Temple   | Entered the Ecumenical Temple
  3912 | Temple   | Became a worshipper of Trog the Wrathful
  3951 | D:5      | Noticed a two-headed ogre
  3963 | D:5      | Mangled by a two-headed ogre

Skill      XL: |  1  2  3  4  5  6 |
---------------+-------------------+-----
Armour         | 4 5 |  5.9
Fighting       | 4 |  4.8
Long Blades    | 3 4 5 6 |  6.4
Shields        | 4 |  4.9
Dodging        | 1 2 |  2.4
Throwing       | |  0.6
Stealth        | |  0.5

Action                   |  1- 3 |  4- 6 |  7- 9 || total
-------------------------+-------+-------+-------++-------
Melee: Long sword        |    82 |   109 |    62 ||   253
       Headbutt          |    10 |    21 |    12 ||    43
Throw: Javelin           |     4 |     2 |       ||     6
Invok: Burn Spellbooks   |       |       |     1 ||     1
  Use: Potion            |       |     1 |       ||     1
  Eat: Chunk             |     1 |       |     3 ||     4
       Royal jelly       |       |     1 |       ||     1
       Bread ration      |       |     1 |       ||     1
Armor: Scale mail        |    35 |    39 |    20 ||    94
Dodge: Dodged            |    24 |    27 |    22 ||    73
Block: Shield            |    42 |    44 |    36 ||   122
       Rpst.: Long sword |     8 |     8 |     5 ||    21
